 Dungeon Crawl Stone Soup version 0.31.0-11-ge490571c62 (webtiles) character file.

Game seed: 8677356847040217168

30758 Pooter the Severer (level 13, -5/175 HPs)
             Began as a Minotaur Berserker on Feb 4, 2024.
             Was a Priest of Trog.
             Slain by a hornet (6 damage)
             ... while paralysed by a hornet
             ... on level 10 of the Dungeon.
             The game lasted 01:43:12 (23400 turns).

Pooter the Severer (Minotaur Berserker)            Turns: 23400, Time: 01:43:12

Health: -5/175     AC: 17    Str: 26    XL:     13   Next: 22%
Magic:  12/12      EV:  2    Int: 10    God:    Trog [***...]
Gold:   18         SH:  0    Dex: 13    Spells: 12/12 levels left

rFire   . . .        a - +4 battleaxe (flame)
rCold   + . .        (shield currently unavailable)
rNeg    . . .        U - +2 plate armour {rC+}
rPois   +            (helmet restricted)
rElec   .            (no cloak)
rCorr   .            c - +0 pair of gloves
SInv    .            w - +2 pair of boots {rampage}
Will    +....        (no amulet) Stlth
                     l - ring "Zaur" {rPois Int+6 Dex+2}
HPRegen 0.49/turn    m - ring of willpower
MPRegen 0.13/turn

%: rampage
@: paralysed, berserking, slowed, studying Axes
A: horns 2, retaliatory headbutt
a: Renounce Religion, Berserk, Trog's Hand


You were on level 10 of the Dungeon.
You worshipped Trog.
Trog was most pleased with you.
You visited 3 branches of the dungeon, and saw 13 of its levels.
You also visited: Ice Cave.

You collected 1656 gold pieces.
You spent 1638 gold pieces at shops.

Inventory:

Hand Weapons
 a - a +4 battleaxe of flaming (weapon)
   (You bought it in a shop on level 8 of the Dungeon)
 b - a +1 arbalest of freezing
   (You took it off an orc warlord on level 2 of the Orcish Mines)
 u - a +0 morningstar
   (You took it off Harold on level 9 of the Dungeon)
 G - a +0 broad axe
   (You took it off an orc on level 10 of the Dungeon)
 K - a +4 trident
   (You took it off a wight on level 9 of the Dungeon)
 M - a +0 battleaxe
   (You took it off a wight on level 8 of the Dungeon)
 R - a +0 dire flail
   (You took it off an orc warrior on level 1 of the Orcish Mines)
 T - a +1 broad axe of freezing
   (You took it off an orc warlord on level 2 of the Orcish Mines)
Missiles
 B - 14 poisoned darts
 C - 28 boomerangs (quivered)
 F - 5 curare-tipped darts
 L - 3 throwing nets {!f}
 Q - 119 stones
Armour
 c - a +0 pair of gloves (worn)
   (You found it on level 9 of the Dungeon)
 w - a +2 pair of boots of rampaging (worn)
   (You found it on level 3 of the Dungeon)
 S - a +3 plate armour
   (You took it off an orc warrior on level 1 of the Orcish Mines)
 U - a +2 plate armour of cold resistance (worn)
   (You took it off an orc warlord on level 2 of the Orcish Mines)
Jewellery
 l - the ring "Zaur" (left hand) {rPois Int+6 Dex+2}
   (You bought it in a shop on level 4 of the Dungeon)

   [ring of intelligence]

   Int+6:     It affects your intelligence (+6).
   Dex+2:     It affects your dexterity (+2).
   rPois:     It protects you from poison
 m - a ring of willpower (right hand)
   (You found it on level 9 of the Dungeon)
 r - a ring of flight
   (You found it on level 4 of the Dungeon)
 y - a ring of fire
   (You found it on level 7 of the Dungeon)
 D - a +6 ring of intelligence
   (You found it on level 7 of the Dungeon)
 I - a ring of protection from cold
   (You found it on level 3 of the Dungeon)
Wands
 f - a wand of flame (53)
   (You took it off Jessica on level 2 of the Dungeon)
 s - a wand of quicksilver (1)
   (You took it off a kobold on level 10 of the Dungeon)
 E - a wand of roots (15)
   (You found it on level 7 of the Dungeon)
 J - a wand of polymorph (20)
   (You found it on level 7 of the Dungeon)
Scrolls
 g - a scroll of fog
 k - a scroll of noise {!r}
 q - a scroll of butterflies
 t - a scroll of teleportation {@r4}
 v - a scroll of poison {!r}
 x - 3 scrolls of vulnerability {!r}
Potions
 d - 2 potions of heal wounds {@q2}
 h - 4 potions of enlightenment
 j - 7 potions of curing {@q1}
 n - 4 potions of lignification {!q}
 o - 2 potions of haste {@q3}
 z - a potion of invisibility
 A - 2 potions of resistance
 H - a potion of attraction {!q}
 O - a potion of ambrosia {unknown}


   Skills:
 + Level 11.9 Fighting
 * Level 16.5 Axes
 * Level 14.1 Ranged Weapons
 + Level 0.6 Throwing
 + Level 2.6 Armour
 - Level 2.1 Dodging
 - Level 7.8 Evocations


You had 12 spell levels left.
You didn't know any spells.
Your spell library was empty.

Dungeon Overview and Level Annotations

Branches:
Dungeon (10/15) Zot: 25353  Temple (0/1) D:7            Lair (1/5) D:10 Zot: 5827
    Orc (2/2) D:10 Zot: 1750     Elf (0/3) Orc:2         IceCv (visited)

Altars:
Elyvilon
Qazlal
Vehumet

Shops:
D:2 *   D:4 =   D:8 *   D:10 [   Orc:2 ?:=?

Annotations:
D:8 2 transporters, ces's ghost, novice TeHu


Innate Abilities, Weirdness & Mutations

You have a pair of horns on your head.
You reflexively headbutt those who attack you in melee.


Message History

The hornet stings you but does no damage.
The cane toad stings you.
* * * LOW HITPOINT WARNING * * *
Unknown command.
A red film seems to cover your vision as you go berserk!
You feel yourself moving faster!
You feel mighty!
A nearby plant withers and dies. x4
The hornet stings you but does no damage.
The cane toad stings you but does no damage.
The hornet closely misses you. You furiously retaliate!
You headbutt the hornet!! The hornet stings you!
* * * LOW HITPOINT WARNING * * *
You feel as though you will be slow longer.
You miss the hornet. You headbutt the hornet!
You feel the power of Trog in you as your rage grows.
You kill the hornet!
Trog accepts your kill.
You barely miss the hornet. You hit the cane toad. You burn the cane toad.
You slice the plant!!
The plant begins to die.
You burn the plant!
A nearby plant withers and dies.
The cane toad barely misses you.
The hornet stings you but does no damage.
Unknown command.
You barely miss the hornet. Your headbutt misses the hornet.
You slice the hornet!! You burn the hornet. You hit the cane toad.
You burn the cane toad. You hit the plant. You burn the plant.
The hornet closely misses you. The hornet barely misses you.
You furiously retaliate!
You headbutt the hornet!!
You kill the hornet!
Trog accepts your kill. The cane toad stings you!
* * * LOW HITPOINT WARNING * * *
The hornet stings you but does no damage.
You slash the hornet! You burn the hornet. Your headbutt misses the hornet.
You slash the cane toad! You burn the cane toad. You hit the plant.
You burn the plant. The cane toad stings you.
* * * LOW HITPOINT WARNING * * *
The hornet stings you but does no damage.
You miss the hornet. You slash the cane toad! You burn the cane toad.
You kill the cane toad!
Trog accepts your kill.
You slash the plant! You burn the plant. The hornet stings you!
* * * LOW HITPOINT WARNING * * *
You feel as though you will be slow longer.
You miss the hornet. You slice the plant!! You burn the plant.
The hornet stings you.
* * * LOW HITPOINT WARNING * * *
You suddenly lose the ability to move!
The hornet stings you!
* * * LOW HITPOINT WARNING * * *
A nearby plant withers and dies.
The hornet stings you.
You die...

####### ##PPP.P##
#...P...# ##PP.....#
#######..P..>.P#
#######..........y†.P#
................@..P.#
.....................#
.........####.....PPP#
.........# ##...PPPP#
.........# #....PPP#
.........# ##....P##
.........#######...##
..................##
..................#


You could see a hornet.

Vanquished Creatures
  A reaper (IceCv)
  An orc warlord (Orc:2)
  Harold (D:9)
  7 orc high priests
  5 orc knights (Orc:2)
  2 kobold blastminers (Orc:2)
  2 ice statues (IceCv)
  2 cane toads (D:10)
  A komodo dragon (D:10)
  2 rime drakes (Lair:1)
  2 anaconda simulacra (IceCv)
  9 ice devils (IceCv)
  7 trolls
  A blink frog (D:10)
  3 hornets
  3 dire elephant simulacra (IceCv)
  4 shadows (D:10)
  3 wyverns
  3 steam dragons
  23 yaks
  5 wargs
  3 hydra simulacra (IceCv)
  2 harpy simulacra (IceCv)
  A sky beast (D:7)
  36 orc warriors
  2 ice beasts
  8 ogres
  5 centaurs
  2 kobold brigands
  2 bullfrogs
  2 scorpions (D:5)
  A gnoll sergeant (D:7)
  13 wights
  2 troll zombies (D:10)
  11 killer bees
  3 howler monkeys
  5 bombardier beetles
  7 hounds
  24 orc priests
  2 jellies (D:6)
  Jessica (D:2)
  3 iguanas
  16 orc wizards
  A troll simulacrum (IceCv)
  4 ogre zombies (D:10)
  6 gnolls
  A naga simulacrum (IceCv)
  8 adders
  2 shadow imps
  A white imp (D:6)
  An ufetubus (IceCv)
  2 ribbon worms
  4 dart slugs
  79 orcs
  10 endoplasms
  4 giant cockroaches
  5 goblins
  4 hobgoblins
  5 jackals
  14 kobolds
  2 quokkas (D:1)
  7 ball pythons
  6 bats
  4 frilled lizards
  3 gnoll skeletons (D:10)
  3 gnoll zombies (D:10)
  12 orc zombies (D:10)
  7 rats
433 creatures vanquished.

Notes
Turn   | Place    | Note
-------+----------+-------------------------------------------
     0 | D:1      | Pooter the Minotaur Berserker began the quest for the Orb.
     0 | D:1      | Reached XP level 1. HP: 19/19 MP: 0/0
   118 | D:1      | Reached skill level 4 in Axes
   165 | D:1      | Reached XP level 2. HP: 24/27 MP: 1/1
   443 | D:1      | Reached ** piety under Trog
   444 | D:1      | Reached XP level 3. HP: 33/33 MP: 2/2
  1034 | D:2      | Found Puojinus's General Store.
  1040 | D:2      | Bought a potion of curing for 33 gold pieces
  1040 | D:2      | Bought a scroll of noise for 11 gold pieces
  1310 | D:2      | Reached skill level 5 in Axes
  1329 | D:2      | Noticed Jessica
  1336 | D:2      | Killed Jessica
  1337 | D:2      | Reached XP level 4. HP: 41/41 MP: 3/3
  1931 | D:3      | Reached skill level 6 in Axes
  2050 | D:2      | Bought a potion of might for 44 gold pieces
  2162 | D:3      | Reached skill level 5 in Fighting
  2162 | D:3      | Reached XP level 5. HP: 48/48 MP: 4/4
  2305 | D:3      | Found a radiant altar of Vehumet.
  2892 | D:4      | Found Ziomec's Jewellery Shop.
  2900 | D:4      | Reached skill level 1 in Ranged Weapons
  2980 | D:4      | Noticed an ogre
  2985 | D:4      | Killed an ogre
  2986 | D:4      | Reached XP level 6. HP: 56/56 MP: 5/5
  3172 | D:4      | Reached skill level 7 in Axes
  3382 | D:2      | Bought a potion of resistance for 110 gold pieces
  3612 | D:5      | Entered Level 5 of the Dungeon
  3710 | D:5      | Reached XP level 7. HP: 62/62 MP: 6/6
  3809 | D:5      | Reached *** piety under Trog
  4022 | D:5      | You are sucked into a shaft and drop 1 floor!
  4088 | D:6      | Reached skill level 8 in Axes
  4132 | D:6      | Noticed a steam dragon
  4143 | D:6      | Killed a steam dragon
  4144 | D:6      | Reached skill level 1 in Evocations
  4663 | D:5      | Reached XP level 8. HP: 71/71 MP: 7/7
  4724 | D:5      | Reached skill level 5 in Ranged Weapons
  5497 | D:6      | Reached skill level 9 in Axes
  5925 | D:6      | Found a white marble altar of Elyvilon.
  6315 | D:6      | Reached XP level 9. HP: 79/79 MP: 8/8
  6318 | D:6      | Reached skill level 10 in Axes
  6813 | D:7      | Found a staircase to the Ecumenical Temple.
  7434 | D:7      | Reached skill level 11 in Axes
  8114 | D:8      | Reached XP level 10. HP: 90/90 MP: 9/9
  8154 | D:8      | Found Niwkecob's Mayhem Merchandise.
  8686 | D:8      | Noticed ces's ghost (novice TeHu)
  8690 | D:8      | Found a transporter.
  8690 | D:8      | Noticed a moth of wrath
  8698 | D:8      | Found a transporter.
  9181 | D:9      | Reached skill level 12 in Axes
  9595 | D:9      | Found a stormy altar of Qazlal.
  9835 | D:9      | Noticed Harold
  9859 | D:9      | Killed Harold
  9860 | D:9      | Reached skill level 10 in Ranged Weapons
  9860 | D:9      | Reached skill level 5 in Evocations
 10031 | D:8      | Bought a +1 battleaxe of flaming for 261 gold pieces
 10540 | D:10     | Entered Level 10 of the Dungeon
 10540 | D:10     | Found Ximnone's Armour Shop.
 10596 | D:10     | Identified the +3 mace of Wikhuoll {flame, rN++ rCorr Str+3
                  | Int-3}
 10998 | D:10     | Reached XP level 11. HP: 89/97 MP: 10/10
 11023 | D:10     | Found a staircase to the Orcish Mines.
 11070 | D:10     | Reached skill level 13 in Axes
 11169 | D:10     | Reached **** piety under Trog
 11305 | D:10     | Found a staircase to the Lair.
 11716 | Orc:1    | Entered Level 1 of the Orcish Mines
 11989 | Orc:1    | Noticed an orc high priest
 12012 | Orc:1    | Noticed a sun demon
 12057 | Orc:1    | Killed an orc high priest
 12058 | Orc:1    | Reached skill level 10 in Fighting
 12905 | Orc:2    | Entered Level 2 of the Orcish Mines
 12915 | Orc:2    | Reached skill level 14 in Axes
 13055 | Orc:2    | Noticed an orc high priest
 13307 | Orc:2    | Killed an orc high priest
 13856 | Orc:2    | Noticed an orc warlord
 14747 | Orc:2    | Killed an orc warlord
 14748 | Orc:2    | Reached XP level 12. HP: 101/108 MP: 11/11
 18547 | Orc:2    | Found a staircase to the Elven Halls.
 18598 | Orc:2    | Reached skill level 15 in Axes
 18786 | Orc:2    | Noticed an orc high priest
 18793 | Orc:2    | Killed an orc high priest
 20263 | Orc:2    | Noticed an orc high priest
 20272 | Orc:2    | Killed an orc high priest
 20442 | Orc:2    | Noticed an orc high priest
 20456 | Orc:2    | Killed an orc high priest
 20575 | Orc:2    | Noticed an orc high priest
 20593 | Orc:2    | Killed an orc high priest
 20763 | Orc:2    | Noticed an orc high priest
 21286 | Orc:2    | Killed an orc high priest
 21517 | Orc:2    | Found Emo Fiob's Magic Scroll Shoppe.
 21520 | Orc:2    | Found Rizyso's Book Shoppe.
 21521 | Orc:2    | Found Liga's Magic Scroll Shoppe.
 21522 | Orc:2    | Found Putiur's Jewellery Emporium.
 21525 | Orc:2    | Bought a scroll of teleportation for 45 gold pieces
 21525 | Orc:2    | Bought a scroll of identify for 30 gold pieces
 21525 | Orc:2    | Bought a scroll of identify for 30 gold pieces
 21525 | Orc:2    | Bought a scroll of identify for 30 gold pieces
 21525 | Orc:2    | Bought a scroll of identify for 30 gold pieces
 21525 | Orc:2    | Bought a scroll of identify for 30 gold pieces
 21529 | Orc:2    | Bought a scroll of identify for 34 gold pieces
 21542 | Orc:2    | Bought a scroll of enchant weapon for 112 gold pieces
 21542 | Orc:2    | Bought a scroll of enchant armour for 112 gold pieces
 21761 | D:4      | Bought the ring "Zaur" {rPois Int+6 Dex+2} for 565 gold
                  | pieces
 21969 | Orc:2    | Bought a scroll of brand weapon for 161 gold pieces
 22136 | Lair:1   | Entered Level 1 of the Lair of Beasts
 22251 | Lair:1   | Found a frozen archway.
 22260 | IceCv    | Entered an ice cave
 22571 | IceCv    | Reached skill level 16 in Axes
 22727 | IceCv    | Reached XP level 13. HP: 116/116 MP: 12/12
 23013 | IceCv    | Noticed a reaper
 23020 | IceCv    | Killed a reaper
 23279 | Lair:1   | Identified a scroll of acquirement
 23279 | Lair:1   | Acquired a manual of Axes
 23384 | Lair:1   | Paralysed by a hornet for 2 turns
 23399 | D:10     | Paralysed by a hornet for 1 turns
 23399 | D:10     | HP: 1/175 [hornet (13)]
 23400 | D:10     | Slain by a hornet

Illustrated notes

Levels and vault maps discovered:
D:1:      onia_arrival_mini_maze_b, layout_loops_ring
D:2:      layout_loops_ring, serial_shops, nicolae_shop_peninsula,
          corner_web_ring, minmay_misc_feat_room, uniq_jessica
D:3:      layout_loops_ring, vehumet_altar_wand_db, minmay_quadrilaterals
D:4:      layout_basic, serial_shops, shop
D:5:      layout_basic, kennysheep_generic_room_4
D:6:      layout_loops_ring, elyvilon_altar_3, kennysheep_generic_room_13
D:7:      layout_cave_pools, minmay_temple_entry_sparse_star,
          kennysheep_small_square
D:8:      layout_rooms, gammafunk_ghost_berserking_beasts, chequers_garden,
          minmay_shop_mayhem, hangedman_abyss_or_decor_stabs
D:9:      layout_basic, grunt_qazlal_clouds, uniq_harold
D:10:     layout_irregular_city, david_lair_shrubbed, zombieorc1_lemuel,
          serial_shops, shop
Lair:1:   layout_concentric_octagons, portal_ice_cave_rime, dreamdust_wasp_nest,
          grunt_megastairs_5, infiniplex_staircase_pool_2
Orc:1:    layout_caves, basic_altar, regret_index_minedec_guest_junction
Orc:2:    st_orc_pillars, layout_diamond_mine, basic_altar

Skill      XL: |  1  2  3  4  5  6  7  8  9 10 11 12 13 |
---------------+----------------------------------------+-----
Axes           | 4 5 6 7 8 9 11 12 14 16 | 16.5
Fighting       | 4 5 6 7 8 9 10 11 | 11.9
Ranged Weapons | 2 3 4 6 8 10 12 13 14 | 14.1
Evocations     | 1 2 4 5 6 7 |  7.8
Throwing       | |  0.6
Armour         | |  2.6
Dodging        | |  2.1

Action                     |  1- 3 |  4- 6 |  7- 9 | 10-12 | 13-15 || total
---------------------------+-------+-------+-------+-------+-------++-------
  Melee: Hand axe          |    74 |    36 |    38 |     7 |       ||   155
         Headbutt          |     7 |    13 |    33 |    89 |    18 ||   160
         Punch             |     3 |     1 |     4 |       |       ||     8
         Trident           |       |    91 |   205 |     6 |       ||   302
         Battleaxe         |       |       |       |   454 |    46 ||   500
   Fire: Sling             |       |    37 |     6 |       |       ||    43
         Orcbow            |       |       |    41 |    85 |       ||   126
         Arbalest          |       |       |       |   161 |     1 ||   162
  Throw: Stone             |       |     9 |       |       |       ||     9
         Boomerang         |       |       |     8 |    10 |       ||    18
         Dart              |       |       |     7 |     4 |       ||    11
 Invoke: Berserk           |     1 |     3 |    13 |    18 |     2 ||    37
         Trog's Hand       |       |     3 |    11 |    28 |       ||    42
  Evoke: Wand              |       |       |     4 |     7 |       ||    11
    Use: Scroll            |       |     3 |     6 |    21 |     3 ||    33
         Potion            |       |       |       |     3 |     2 ||     5
   Stab: Sleeping          |     1 |     1 |       |       |       ||     2
 Armour: Animal skin       |    36 |     9 |       |       |       ||    45
         Ring mail         |       |    51 |       |       |       ||    51
         Scale mail        |       |    20 |    57 |       |       ||    77
         Chain mail        |       |       |   154 |   173 |       ||   327
         Plate armour      |       |       |       |   345 |    62 ||   407
  Dodge: Dodged            |    37 |    79 |    92 |   191 |    22 ||   421
